 Dungeon Crawl Stone Soup version 0.22.1-1-ga44c0e5 (webtiles) character file.

354 Harpaggios the Insei (level 6, -6/47 HPs)
             Began as a Gnoll Transmuter on Oct 17, 2018.
             Mangled by Duvessa
             ... wielding a +4 vampiric short sword
              (10 damage)
             ... on level 4 of the Dungeon.
             The game lasted 00:15:05 (3996 turns).

Harpaggios the Insei (Gnoll Transmuter)             Turns: 3996, Time: 00:15:05

Health: -6/47      AC:  4    Str: 13    XL:     6   Next: 62%
Magic:  5/14       EV: 15    Int: 16    God:
Gold:   180        SH:  0    Dex: 16    Spells: 12/15 levels left

rFire    . . .     SeeInvis .     - Unarmed
rCold    . . .     Gourm    .   (no shield)
rNeg     . . .     Faith    .   b - +0 robe
rPois    .         Spirit   .   (no helmet)
rElec    .         Reflect  .   (no cloak)
rCorr    .         Harm     .   c - +1 pair of gloves
MR       .....                  (no boots)
Stlth    ++........             (no amulet)
HPRegen  0.15/turn              (no ring)
MPRegen  0.14/turn              (no ring)

@: no status effects
A: distributed training, fangs 1, strong nose
a: no special abilities


You were on level 4 of the Dungeon.
You were not hungry.

You visited 1 branch of the dungeon, and saw 4 of its levels.

You collected 180 gold pieces.

Inventory:

Armour
 b - a +0 robe (worn)
 c - a +1 pair of gloves (worn)
Wands
 f - a wand of iceblast (7)
 g - a wand of polymorph (14)
 h - a wand of acid (5)
 j - a wand of disintegration (21)
Scrolls
 e - 5 scrolls of remove curse
 i - 2 scrolls of identify
Comestibles
 d - 6 rations
 k - a chunk of flesh


   Skills:
 + Level 3.3 Fighting
 + Level 2.0 Short Blades
 + Level 2.0 Long Blades
 + Level 2.0 Axes
 + Level 2.0 Maces & Flails
 + Level 2.0 Polearms
 + Level 2.0 Staves
 + Level 2.0 Slings
 + Level 2.0 Bows
 + Level 2.0 Crossbows
 + Level 2.0 Throwing
 + Level 2.0 Armour
 + Level 5.0 Dodging
 + Level 2.0 Stealth
 + Level 2.0 Shields
 + Level 6.8 Unarmed Combat
 + Level 5.4 Spellcasting
 + Level 1.6 Conjurations
 + Level 1.6 Hexes
 + Level 1.6 Charms
 + Level 1.6 Summonings
 + Level 1.6 Necromancy
 + Level 1.6 Translocations
 + Level 4.1 Transmutations
 + Level 1.6 Fire Magic
 + Level 1.6 Ice Magic
 + Level 1.6 Air Magic
 + Level 1.6 Earth Magic
 + Level 1.6 Poison Magic
 + Level 2.2 Invocations
 + Level 2.0 Evocations


You had 12 spell levels left.
You knew the following spells:

 Your Spells              Type           Power        Failure   Level  Hunger
a - Beastly Appendage     Tmut           ###...       2%          1    None
b - Sticks to Snakes      Tmut           ###.....     4%          2    #......

Your spell library contained the following spells:

 Spells                   Type           Power        Failure   Level  Hunger
 Spider Form              Tmut/Pois      ##........   14%         3    ###....
 Ice Form                 Ice/Tmut       ##......     41%         4    ####...
 Blade Hands              Tmut           ###.......   58%         5    ######.


Dungeon Overview and Level Annotations

Branches:
Dungeon (4/15)
 Temple: D:4-7

Altars:
Qazlal

Annotations:
D:4 Dowan, Duvessa


Innate Abilities, Weirdness & Mutations

Your experience applies equally to all skills.
You have very sharp teeth.
Your uncanny sense of smell can sniff out nearby items.


Message History

Press: ? - help, Shift-Dir - straight line, f/p - Duvessa
Aim: Duvessa, wielding a vampiric short sword and wearing a scale mail (heavily Duvessa is blasted.
Duvessa hits you with a vampiric short sword!
* * * LOW HITPOINT WARNING * * *
Duvessa draws strength from your wounds!
Your ball python bites Duvessa but does no damage.
Your ball python grabs Duvessa.
Your ball python constricts Duvessa.
Dowan says, "Where the sword fails, magic succeeds!"
Duvessa hits your ball python with a vampiric short sword.
Your ball python dies!
Your ball python closely misses Duvessa.
Your ball python grabs Duvessa.
Your ball python constricts Duvessa.
Evoke which item? (* to show all) (? for menu, Esc to quit)
Aiming: Disintegrate
Press: ? - help, Shift-Dir - straight line, f/p - Duvessa
Aim: Duvessa, wielding a vampiric short sword and wearing a scale mail Duvessa resists with significant effort.
Duvessa hits you with a vampiric short sword!
You die...

# ############## #
#..).........# #
#.##########.# # #.# #.#
# #.# ###.######## # #.#
#........... #######.#
#####§##########
........# #.^..§≈§^.##
....##### #.^#^.@^#^#.#
.##.# #.#≈#≈e.#^.(#
.##.#######§§##^.S≈##^#
.##...........^§...^.≈##
.#########......e.(....#
.# ##...^^.≈^≈^≈.. .#
#≈#≈^...#^.^## .#
#.#^#...##≈^# #..##...#
#.#


You could see Duvessa, Dowan and a friendly ball python.

Vanquished Creatures
  Blork the orc (D:4)
  An orc wizard (D:3)
  A worker ant (D:4)
  Terence (D:3)
  6 adders
  5 gnolls
  An ooze (D:1)
  A worm (D:2)
  A dart slug (D:3)
  4 leopard geckos
  6 orcs
  5 bats
  9 giant cockroaches
  11 goblins
  6 hobgoblins
  4 jackals (D:3)
  15 kobolds
  2 quokkas (D:2)
  3 ball pythons
  3 frilled lizards
  4 rats
90 creatures vanquished.

Vanquished Creatures (collateral kills)
  A gnoll (D:3)
  A howler monkey skeleton (D:4)
  A frilled lizard (D:3)
3 creatures vanquished.

Grand Total: 93 creatures vanquished

Notes
Turn   | Place    | Note
-------+----------+-------------------------------------------
     0 | D:1      | Harpaggios the Gnoll Transmuter began the quest for the
                  | Orb.
     0 | D:1      | Reached XP level 1. HP: 17/17 MP: 6/6
    95 | D:1      | Reached XP level 2. HP: 15/23 MP: 7/7
   317 | D:1      | Learned a level 2 spell: Sticks to Snakes
   414 | D:1      | Reached XP level 3. HP: 28/28 MP: 9/9
   465 | D:1      | Reached skill level 5 in Spellcasting
   880 | D:2      | Reached skill level 1 in Invocations
  1049 | D:2      | Reached skill level 1 in Short Blades
  1049 | D:2      | Reached skill level 1 in Long Blades
  1049 | D:2      | Reached skill level 1 in Axes
  1049 | D:2      | Reached skill level 1 in Maces & Flails
  1049 | D:2      | Reached skill level 1 in Polearms
  1049 | D:2      | Reached skill level 1 in Staves
  1049 | D:2      | Reached skill level 1 in Slings
  1049 | D:2      | Reached skill level 1 in Bows
  1049 | D:2      | Reached skill level 1 in Crossbows
  1049 | D:2      | Reached skill level 1 in Throwing
  1049 | D:2      | Reached skill level 1 in Armour
  1049 | D:2      | Reached skill level 1 in Stealth
  1049 | D:2      | Reached skill level 1 in Shields
  1049 | D:2      | Reached skill level 1 in Evocations
  1081 | D:2      | Reached XP level 4. HP: 20/34 MP: 11/11
  1655 | D:2      | Reached skill level 1 in Conjurations
  1655 | D:2      | Reached skill level 1 in Hexes
  1655 | D:2      | Reached skill level 1 in Charms
  1655 | D:2      | Reached skill level 1 in Summonings
  1655 | D:2      | Reached skill level 1 in Necromancy
  1655 | D:2      | Reached skill level 1 in Translocations
  1655 | D:2      | Reached skill level 1 in Fire Magic
  1655 | D:2      | Reached skill level 1 in Ice Magic
  1655 | D:2      | Reached skill level 1 in Air Magic
  1655 | D:2      | Reached skill level 1 in Earth Magic
  1655 | D:2      | Reached skill level 1 in Poison Magic
  2130 | D:3      | Reached XP level 5. HP: 5/40 MP: 12/12
  2153 | D:3      | Noticed Terence
  2446 | D:3      | Killed Terence
  3280 | D:3      | Reached XP level 6. HP: 44/47 MP: 6/13
  3712 | D:4      | Noticed Blork the orc
  3715 | D:4      | Killed Blork the orc
  3761 | D:4      | Reached skill level 5 in Dodging
  3962 | D:4      | Found a stormy altar of Qazlal.
  3967 | D:4      | Noticed Duvessa
  3968 | D:4      | Noticed Dowan
  3996 | D:4      | Mangled by Duvessa

Skill      XL: |  1  2  3  4  5  6 |
---------------+-------------------+-----
Spellcasting   | 5 |  5.4
Invocations    | 1 2 |  2.2
Short Blades   | 1 2 |  2.0
Long Blades    | 1 2 |  2.0
Axes           | 1 2 |  2.0
Maces & Flails | 1 2 |  2.0
Polearms       | 1 2 |  2.0
Staves         | 1 2 |  2.0
Slings         | 1 2 |  2.0
Bows           | 1 2 |  2.0
Crossbows      | 1 2 |  2.0
Throwing       | 1 2 |  2.0
Armour         | 1 2 |  2.0
Stealth        | 1 2 |  2.0
Shields        | 1 2 |  2.0
Evocations     | 1 2 |  2.0
Conjurations   | 1 |  1.6
Hexes          | 1 |  1.6
Charms         | 1 |  1.6
Summonings     | 1 |  1.6
Necromancy     | 1 |  1.6
Translocations | 1 |  1.6
Fire Magic     | 1 |  1.6
Ice Magic      | 1 |  1.6
Air Magic      | 1 |  1.6
Earth Magic    | 1 |  1.6
Poison Magic   | 1 |  1.6
Fighting       | 3 |  3.3
Transmutations | 4 |  4.1
Dodging        | 5 |  5.0
Unarmed Combat | |  6.8

Action                   |  1- 3 |  4- 6 || total
-------------------------+-------+-------++-------
Melee: Unarmed           |    82 |   201 ||   283
       Bite              |    12 |    17 ||    29
       Punch             |     3 |    11 ||    14
       Headbutt          |     5 |     8 ||    13
       Kick              |     4 |     5 ||     9
 Cast: Beastly Appendage |     6 |    11 ||    17
       Sticks to Snakes  |       |    11 ||    11
Evoke: Wand              |       |     5 ||     5
  Use: Potion            |       |     4 ||     4
       Scroll            |       |     3 ||     3
 Stab: Sleeping          |     2 |     4 ||     6
  Eat: Chunk             |     1 |     9 ||    10
Armor: Robe              |     6 |    16 ||    22
Dodge: Dodged            |    54 |   104 ||   158
